AoeStats
← reeree

Arena

510514444Analyzed
2v2 RM · 18h ago on Oct 1, 2026· 55m 41s· 4 players
Game mode
Random Map
Map size
Medium (4 player)
Population
200
Speed
Normal
Resources
Standard
Victory
Conquest
Starting age
Dark Age
Ending age
Imperial Age
RankedLock teamsTeams togetherTeam positionsShared explorationLock speedFull tech treeHidden civsTurbo modeCheats
Victory
Defeat
🇦🇺 Khmer · Australia
1137
+17
🇦🇺 Magyars · Australia
1135
+17
🇨🇳 Magyars · China
1179
-18
🇵🇪 Britons · Peru
1137
-16
reeree
4:01 Loom
10:16 Feudal Age
11:49 Loom
16:01 Castle Age
14:13 Horse Collar
15:32 Double-Bit Axe
17:53 Scale Barding Armor
18:21 Bow Saw
19:32 Wheelbarrow
24:47 Gold Mining
29:01 Wheelbarrow
29:28 Gold Shaft Mining
31:25 Hand Cart
33:59 Stone Mining
35:49 Chain Barding Armor
41:00 Imperial Age
38:23 Fletching
38:34 Padded Archer Armor
39:15 Bodkin Arrow
41:26 Bloodlines
41:16 Husbandry
41:34 Leather Archer Armor
41:29 Thumb Ring
41:50 Bracer
42:13 Conscription
43:08 Parthian Tactics
43:54 Ballistics
44:58 Ring Archer Armor
46:19 Chemistry
45:59 Plate Barding Armor
45:44 Recurve Bow
47:06 Corvinian Army
47:32 Masonry
47:28 Siege Engineers
47:03 Treadmill Crane
47:18 Murder Holes
47:24 Elite Magyar Huszar
48:35 Treadmill Crane
49:33 Plate Barding Armor
50:51 Two-Man Saw
50:07 Town Watch
53:06 Town Patrol
56:15 Heavy Plow
mc394
11:07 Feudal Age
15:46 Castle Age
14:26 Double-Bit Axe
14:36 Gold Mining
15:29 Horse Collar
18:08 Bow Saw
19:36 Stone Mining
22:41 Bloodlines
22:31 Husbandry
23:07 Forging
23:04 Scale Barding Armor
22:21 Light Cavalry
24:58 Wheelbarrow
27:03 Iron Casting
26:48 Chain Barding Armor
28:40 Chain Barding Armor
29:51 Hand Cart
32:16 Tusk Swords
35:00 Coinage
37:05 Imperial Age
34:50 Town Watch
37:39 Town Patrol
38:28 Plate Barding Armor
38:54 Blast Furnace
37:30 Hussar
39:22 Gold Shaft Mining
39:22 Stone Shaft Mining
40:19 Conscription
42:21 Double Crossbow
44:22 Siege Engineers
45:06 Ballistics
44:59 Heavy Scorpion
47:02 Chemistry
956068430
10:49 Feudal Age
14:42 Castle Age
13:22 Double-Bit Axe
13:28 Horse Collar
15:53 Bow Saw
19:43 Loom
20:36 Wheelbarrow
25:40 Hand Cart
25:12 Town Watch
31:43 Imperial Age
29:06 Gold Mining
30:25 Ballistics
29:58 Fletching
30:08 Padded Archer Armor
31:45 Thumb Ring
32:11 Bodkin Arrow
32:32 Leather Archer Armor
33:00 Parthian Tactics
33:25 Conscription
33:09 Pikeman
33:35 Arson
33:52 Scale Mail Armor
34:09 Bracer
34:27 Halberdier
35:26 Chain Mail Armor
35:37 Bloodlines
36:00 Husbandry
35:25 Light Cavalry
37:30 Heavy Plow
38:26 Ring Archer Armor
39:14 Scale Barding Armor
39:12 Recurve Bow
40:42 Two-Man Saw
40:38 Chain Barding Armor
41:08 Gold Shaft Mining
40:23 Stone Mining
41:07 Crop Rotation
41:40 Corvinian Army
41:00 Elite Magyar Huszar
41:21 Hussar
42:08 Heavy Cavalry Archer
46:40 Chemistry
45:51 Masonry
47:58 Onager
48:51 Elite Skirmisher
Rasec
10:19 Feudal Age
14:21 Castle Age
12:36 Double-Bit Axe
13:19 Gold Mining
16:07 Bow Saw
26:40 Imperial Age
30:16 Fletching
30:53 Bodkin Arrow
32:00 Bracer
35:18 Horse Collar
36:14 Gold Shaft Mining
37:37 Pikeman
38:14 Town Watch
39:04 Wheelbarrow
38:15 Loom
38:45 Halberdier
43:03 Two-Man Saw
42:04 Heavy Plow
43:10 Chemistry
43:45 Ballistics
44:20 Hand Cart
44:59 Conscription
45:32 Scale Mail Armor
46:56 Forging
48:43 Elite Longbowman
49:44 Yeomen
49:51 Yeomen
53:12 Padded Archer Armor
Connection lost

Rejoining the realm…

Still unreachable

The connection could not be restored.

Session expired

The server has moved on; the page needs a fresh start.